 Dungeon Crawl Stone Soup version 0.30.0-10-gfe55d96785 (webtiles) character file.

Game seed: 12987461634016170431

106 voltaire321 the Charlatan (level 4, -15/33 HPs)
             Began as a Demonspawn Artificer on May 14, 2023.
             Demolished by a sleepcap (18 damage)
             ... on level 4 of the Dungeon.
             The game lasted 00:06:56 (2366 turns).

voltaire321 the Charlatan (Demonspawn Artificer)    Turns: 2366, Time: 00:06:56

Health: -15/33     AC:  6    Str: 15    XL:     4   Next: 55%
Magic:  4/4        EV:  2    Int: 12    God:
Gold:   138        SH:  0    Dex: 13    Spells: 3/3 levels left

rFire   . . .        j - +0 dagger (venom)
rCold   . . .        (no shield)
rNeg    . . .        k - +0 ring mail
rPois   .            (no helmet)
rElec   .            (no cloak)
rCorr   .            r - +0 pair of gloves
SInv    .            (no boots)
Will    .....        (no amulet)
Stlth   +            (no ring)
HPRegen 0.25/turn    (no ring)
MPRegen 0.09/turn

%: no passive effects
@: sleeping
A: hooves 2
a: no special abilities


You were on level 4 of the Dungeon.
You visited 1 branch of the dungeon, and saw 4 of its levels.

You collected 138 gold pieces.

Inventory:

Hand Weapons
 j - a +0 dagger of venom (weapon)
Missiles
 m - 4 poisoned darts
Armour
 k - a +0 ring mail (worn)
 r - a +0 pair of gloves (worn)
Wands
 c - a wand of flame (13) (quivered)
 d - a wand of charming (15)
 e - a wand of iceblast (5)
Scrolls
 a - 2 scrolls of identify {unknown}
 f - 3 scrolls of teleportation {unknown}
 i - a scroll of noise {unknown}
 l - a scroll of poison {unknown}
 p - 2 scrolls of blinking {unknown}
 q - a scroll of magic mapping {unknown}
 s - a scroll of torment {unknown}
 v - a scroll of enchant armour {unknown}
Potions
 b - a potion of cancellation {unknown}
 g - a potion of berserk rage {unknown}
 h - a potion of mutation {unknown}
 n - 3 potions of degeneration {unknown}
 o - a potion of lignification {unknown}
 t - a potion of ambrosia {unknown}
 u - a potion of curing {unknown}
 w - 4 potions of heal wounds {unknown}
 x - 2 potions of brilliance {unknown}


   Skills:
 + Level 2.2 Fighting
 + Level 2.5 Armour
 + Level 2.1 Dodging
 - Level 1.0 Stealth
 + Level 3.7 Evocations


You had 3 spell levels left.
You didn't know any spells.
Your spell library contained the following spells:

 Spells                   Type           Power      Damage    Failure   Level
 Blink                    Tloc           0%         N/A       67%         2
 Lesser Beckoning         Tloc           0%         N/A       67%         2
 Momentum Strike          Conj/Tloc      0%         3d8       67%         2


Dungeon Overview and Level Annotations

Branches:
Dungeon (4/15)
 Temple: D:4-7

Altars:


Innate Abilities, Weirdness & Mutations

You have hoof-like feet.


Message History

The giant cockroach barely misses you.
You barely miss the giant cockroach.
The giant cockroach is severely wounded.
The giant cockroach barely misses you.
You barely miss the giant cockroach. You kick the giant cockroach.
You kill the giant cockroach!
You hit the ball python.
You kill the ball python!
You hit the sleepcap.
You kick the sleepcap, but do no damage.
The sleepcap is lightly damaged.
The sleepcap barely misses you.
You hit the sleepcap but do no damage. You kick the sleepcap.
The sleepcap is lightly damaged.
The sleepcap releases spores at you.
You are engulfed in a cloud of soporific spores!
You fall asleep.
The sleepcap releases spores at you!!
You wake up.
Ouch! That really hurt!
* * * LOW HITPOINT WARNING * * *
You hit the sleepcap but do no damage.
The sleepcap is poisoned.
You kick the sleepcap.
The sleepcap is moderately damaged.
The sleepcap releases spores at you but does no damage.
You hit the sleepcap but do no damage.
The sleepcap is heavily damaged.
The sleepcap closely misses you.
You hit the sleepcap but do no damage.
You kick the sleepcap, but do no damage.
The sleepcap is heavily damaged.
The sleepcap barely misses you.
You hit the sleepcap. You kick the sleepcap.
The sleepcap is severely damaged.
The sleepcap releases spores at you!
* * * LOW HITPOINT WARNING * * *
You are engulfed in a cloud of soporific spores!
You fall asleep.
The sleepcap releases spores at you!!
Ouch! That really hurt!
You die...

..# .# #.# .#
#.# .# # #.##.#
#. #....#####
#.. #........#
#...###........#
#....@f........#
#...###..<.....#
#.. #........#
#. #....$...# #
............
..####....###
#.. .#### #. ##
#


You could see a sleepcap (very poisoned).

Vanquished Creatures
  3 adders
  A worm (D:2)
  4 dart slugs
  10 ball pythons
  8 bats
  4 endoplasms
  3 giant cockroaches
  2 goblins
  3 hobgoblins
  4 jackals (D:3)
  6 quokkas
  7 frilled lizards
  7 kobolds
  4 rats
66 creatures vanquished.

Notes
Turn   | Place    | Note
-------+----------+-------------------------------------------
     0 | D:1      | voltaire321 the Demonspawn Artificer began the quest for
                  | the Orb.
     0 | D:1      | Reached XP level 1. HP: 15/15 MP: 1/1
    34 | D:1      | Reached skill level 1 in Dodging
    34 | D:1      | Reached skill level 1 in Stealth
   133 | D:1      | Gained mutation: You have large cloven feet. [demonic
                  | ancestry]
   133 | D:1      | Reached XP level 2. HP: 17/21 MP: 2/2
   463 | D:1      | Gained mutation: You have hoof-like feet. [demonic
                  | ancestry]
   463 | D:1      | Reached XP level 3. HP: 24/26 MP: 3/3
  1113 | D:2      | Found a faded altar of an unknown god.
  1666 | D:2      | Reached XP level 4. HP: 20/33 MP: 4/4
  2366 | D:4      | Demolished by a sleepcap

Illustrated notes

Levels and vault maps discovered:
D:1:      roderic_octagonal_star, layout_basic, minmay_misc_feat_roman,
          st_stairs_2, chequers_serial_rivers_micro_d,
          minmay_misc_feat_more_columns
D:2:      minmay_chambers_of_ones, layout_loops_ring,
          shapermc_ecumenical_altar_mp_ritualfount
D:3:      layout_basic
D:4:      layout_rooms, kiku_gazebo_pond_becter

Skill      XL: |  1  2  3  4 |
---------------+-------------+-----
Dodging        | 1 2 |  2.1
Stealth        | 1 |  1.0
Armour         | 2 |  2.5
Fighting       | 2 |  2.2
Evocations     | |  3.7

Action                     |  1- 3 |  4- 6 || total
---------------------------+-------+-------++-------
  Melee: Club              |    40 |       ||    40
         Dagger            |   110 |    44 ||   154
         Kick              |    23 |    13 ||    36
         Punch             |     1 |       ||     1
  Evoke: Wand              |     2 |       ||     2
 Armour: Leather armour    |    27 |       ||    27
         Ring mail         |    34 |    13 ||    47
  Dodge: Dodged            |   103 |    28 ||   131
